 Dungeon Crawl Stone Soup version 0.30-a0-799-g109b55a442 (webtiles) character file.

Game seed: 11855512854041960747

3659 dolemite99 the Fighter (level 10, -1/86 HPs)
             Began as a Djinni Conjurer on Feb 20, 2023.
             Was a Follower of Makhleb.
             Slain by a centaur warrior skeleton (9 damage)
             ... on level 9 of the Dungeon.
             The game lasted 00:15:36 (10681 turns).

dolemite99 the Fighter (Djinni Conjurer)           Turns: 10681, Time: 00:15:36

Health: -1/86      AC:  4    Str:  6    XL:     10   Next: 34%
Gold:   384        EV: 12    Int: 30    God:    Makhleb [*.....] SH:  5 Dex: 18

rFire   + + .      SeeInvis .    a - +2 dagger of Outrage {flame, +Blink rC+}
rCold   . . .      Faith    .    (no shield)
rNeg    . . .      Spirit   .    x - +0 robe
rPois   ∞          Reflect  +    (no helmet)
rElec   .          Harm     .    (no cloak)
rCorr   .          Rampage  .    u - +1 pair of gloves
Will    +....                    (boots unavailable)
Stlth   ++                       G - amulet of reflection
HPRegen 0.34/turn                l - +6 ring of intelligence
MPRegen 0.00/turn                q - +6 ring of dexterity

@: about to teleport, flying
A: sickness immunity, fire resistance 2, cold vulnerability 1, float, innate
caster, HP casting, extra vitality 1
a: Renounce Religion, Evoke Blink


You were on level 9 of the Dungeon.
You worshipped Makhleb.
Makhleb was aware of your devotion.
You visited 1 branch of the dungeon, and saw 9 of its levels.
You also visited: Ossuary.

You collected 384 gold pieces.

Inventory:

Hand Weapons
 a - the +2 dagger of Outrage (weapon) {flame, +Blink rC+}
   (You found it on level 6 of the Dungeon)

   rC:        It protects you from cold.
   +Blink:    It lets you blink.
 b - a +6 long sword
 c - a +2 quarterstaff of distortion
 h - a +0 short sword
 r - a +2 antimagic trident
 A - a +2 dagger of holy wrath
 B - a +0 spear
 D - a +2 falchion of electrocution
Missiles
 i - 12 poisoned darts
 K - 6 javelins
Armour
 d - a +0 ring mail
 p - a +0 pair of gloves
 u - a +1 pair of gloves (worn)
 x - a +0 robe (worn)
Magical Staves
 k - a staff of poison
Jewellery
 l - a +6 ring of intelligence (left hand)
 q - a +6 ring of dexterity (right hand)
 G - an amulet of reflection (around neck)
 I - an amulet of the acrobat
Wands
 m - a wand of digging (5)
 t - a wand of light (13)
 w - a wand of roots (5)
 C - a wand of charming (13)
Scrolls
 j - a scroll of teleportation
 v - 2 scrolls of noise {unknown}
 y - 2 scrolls of poison {unknown}
 E - 2 scrolls of magic mapping {unknown}
 F - a scroll of identify {@r1}
Potions
 e - 3 potions of flight
 f - 2 potions of cancellation {unknown}
 g - 3 potions of mutation
 n - a potion of lignification {unknown}
 o - a potion of degeneration
 s - 3 potions of berserk rage {unknown}
 z - 2 potions of curing
 H - a potion of heal wounds {unknown}


   Skills:
 - Level 13.5 Fighting
 - Level 2.1 Dodging
 - Level 1.5 Stealth
 + Level 6.3 Spellcasting
 - Level 6.4 Evocations


You knew the following spells:

 Your Spells              Type           Power      Damage    Failure   Level
a - Magic Dart            Conj           100%       1d8       1%          1
b - Foxfire               Conj/Fire      100%       2x1d9     1%          1
c - Searing Ray           Conj           94%        2d7       1%          2
d - Fulminant Prism       Conj/Hex       23%        3d12      3%          4
e - Iskenderun's Mystic   Conj/Tloc      47%        2d10      3%          4
f - Dazzling Flash        Conj/Hex       94%        N/A       1%          3
g - Passwall              Tmut/Erth      39%        N/A       1%          2
h - Kindle Blastsparks    Fire/Tloc/Air  94%        2d17      1%          3
i - Manifold Assault      Tloc           47%        N/A       3%          4
Your spell library was empty.

Dungeon Overview and Level Annotations

Branches:
Dungeon (9/15)             Temple (0/1) D:6         Ossuary (visited)
   Lair: D:8-11         Orc: D:9-12

Altars:
Ashenzari
Gozag
Makhleb
Okawaru
Qazlal
Trog
Wu Jian
Yredelemnul
Zin

Shops:
D:6 *   D:9 (!

Annotations:
D:3 3 runed translucent doors, Tollund's ghost, amateur OpTm
D:6 2 transporters, Esekla's ghost, amateur OpDe
D:7 exclusion: downstairs


Innate Abilities, Weirdness & Mutations

You are immune to sickness and miasma.
You are immune to poison.
Your flesh is very heat resistant. (rF++)
You are vulnerable to cold. (rC-)
You float through the air rather than walking.
You learn spells naturally, not from books.
Your magical power is your life essence.
You have superior vitality. (+4 MHP)


Message History

You destroy the shadow!
Makhleb accepts your kill. The concussive blast engulfs you. You resist.
You are knocked back by the blast.
You see here a bullfrog skeleton.
Casting: Kindle Blastsparks (safe; 1% risk of failure)
Confirm with . or Enter, or press ? or * to list all spells.
You erupt in a blast of force!
The mystic blast hits the centaur warrior zombie!
The centaur warrior zombie is lightly damaged.
The centaur warrior zombie is knocked back by the mystic blast.
The centaur warrior zombie slams into the rock wall!
The centaur warrior zombie is moderately damaged.
The centaur warrior zombie hits you.
You block the centaur warrior zombie's attack.
Casting: Iskenderun's Mystic Blast (dangerous; 3% risk of failure)
Confirm with . or Enter, or press ? or * to list all spells.
You erupt in a blast of force!
The mystic blast hits the centaur warrior zombie!
The centaur warrior zombie is heavily damaged.
The mystic blast hits the centaur warrior skeleton!
The centaur warrior skeleton is moderately damaged.
The centaur warrior zombie hits you.
* * * LOW HITPOINT WARNING * * *
The centaur warrior zombie barely misses you.
The centaur warrior skeleton hits you but does no damage.
The centaur warrior skeleton closely misses you.
The centaur warrior zombie barely misses you.
The centaur warrior zombie kicks you.
* * * LOW HITPOINT WARNING * * *
As you read the scroll of teleportation, it crumbles to dust.
You feel strangely unstable.
The centaur warrior skeleton barely misses you.
You block the centaur warrior skeleton's attack.
The centaur warrior zombie hits you!
* * * LOW HITPOINT WARNING * * *
The centaur warrior zombie kicks you.
* * * LOW HITPOINT WARNING * * *
The centaur warrior skeleton hits you!
You die...

####.†## ......÷### ##
######...## ####..
#.....##..### ###......
......###...## #........
.......####..###........
.......# ##...#........
.......# ###.Z........
.......# ##Z@.......
#......# #.........
##.....# #.#.......
##....# #.##......
###.## #.# #..... ###
#.# #.... # #.# #... ###
##.# #.. ..## #..##


You could see a centaur warrior zombie and a centaur warrior skeleton.

Vanquished Creatures
  Prince Ribbit (D:7)
  A shadow (D:9)
  A steam dragon (D:8)
  4 yaks (D:8)
  2 water moccasins
  An orc warrior (D:7)
  2 black bears (D:4)
  2 ice beasts (D:6)
  An ogre (D:6)
  2 kobold brigands (D:8)
  5 bullfrogs
  2 necrophages
  3 scorpions
  5 wights (D:8)
  2 hounds
  A jelly (D:4)
  3 orc priests
  2 gnoll boudas (D:7)
  Jessica (D:2)
  5 iguanas
  4 orc wizards
  A statue (D:6)
  A hound zombie (Ossuary)
  12 gnolls
  5 adders
  3 shadow imps
  A white imp (D:6)
  An ufetubus (D:6)
  2 worms
  4 dart slugs
  18 orcs
  6 endoplasms
  A giant cockroach (D:1)
  4 goblins
  A hobgoblin (D:1)
  5 jackals
  8 kobolds
  5 ball pythons
  9 bats
  A frilled lizard (D:2)
  A kobold zombie (Ossuary)
  5 rats
  3 rat zombies (Ossuary)
147 creatures vanquished.

Vanquished Creatures (others)
  90 foxfires
  23 fulminant prisms
113 creatures vanquished.

Grand Total: 260 creatures vanquished

Notes
Turn   | Place    | Note
-------+----------+-------------------------------------------
     0 | D:1      | dolemite99 the Djinni Conjurer began the quest for the Orb.
     0 | D:1      | dolemite99 set off with the following spells memorised:
                  | Magic Dart, Searing Ray, Dazzling Flash, Fulminant Prism,
                  | Iskenderun's Mystic Blast.
     0 | D:1      | Reached XP level 1. HP: 15/15 MP: 0/0
   149 | D:1      | Reached XP level 2. HP: 20/21 MP: 0/0
   500 | D:1      | Reached XP level 3. HP: 17/25 MP: 0/0
   500 | D:1      | Learned a level 1 spell: Foxfire
   872 | D:2      | Noticed Jessica
   882 | D:2      | Killed Jessica
   883 | D:2      | Reached XP level 4. HP: 29/31 MP: 0/0
  1287 | D:3      | Found a runed translucent gate.
  1287 | D:3      | Found a runed translucent gate.
  1287 | D:3      | Found a runed translucent gate.
  1460 | D:3      | Reached XP level 5. HP: 31/35 MP: 0/0
  1460 | D:3      | Learned a level 2 spell: Passwall
  1755 | D:3      | Identified the +4 ring mail "Nepiecuz" {rElec Regen+ Str-5}
  2102 | D:3      | Reached skill level 2 in Fighting
  2192 | D:3      | Noticed Tollund's ghost (amateur OpTm)
  2293 | D:4      | Reached XP level 6. HP: 42/45 MP: 0/0
  2322 | D:4      | Found a burning altar of Makhleb.
  2333 | D:4      | Reached skill level 3 in Fighting
  2334 | D:4      | Became a worshipper of Makhleb the Destroyer
  2341 | D:4      | Noticed a black bear
  2352 | D:4      | Killed a black bear
  2353 | D:4      | Reached skill level 4 in Fighting
  2673 | D:4      | Found a broken altar of Ashenzari.
  2699 | D:4      | Noticed a black bear
  2710 | D:4      | Killed a black bear
  2711 | D:4      | Reached skill level 5 in Fighting
  2711 | D:4      | Reached XP level 7. HP: 6/54 MP: 0/0
  2711 | D:4      | Learned a level 3 spell: Kindle Blastsparks
  3036 | D:4      | Found a stormy altar of Qazlal.
  3038 | D:4      | Noticed a water elemental
  3039 | D:4      | Noticed an air elemental
  3039 | D:4      | Noticed a fire elemental
  3125 | D:4      | Found a glowing silver altar of Zin.
  3382 | D:5      | Entered Level 5 of the Dungeon
  3420 | D:5      | Identified a scroll of acquirement
  3420 | D:5      | Acquired a manual of Fighting
  3644 | D:5      | Reached skill level 6 in Fighting
  3800 | D:5      | Noticed a water moccasin
  3818 | D:5      | Killed a water moccasin
  3819 | D:5      | Reached skill level 7 in Fighting
  4381 | D:5      | Reached skill level 8 in Fighting
  4381 | D:5      | Reached XP level 8. HP: 54/65 MP: 0/0
  4692 | D:5      | Found an opulent altar of Gozag.
  4767 | D:6      | Found a sand-covered staircase.
  4775 | Ossuary  | Entered an ossuary
  5264 | D:6      | Found a transporter.
  5280 | D:6      | Found a transporter.
  5284 | D:6      | Noticed Esekla's ghost (amateur OpDe)
  5377 | D:6      | Reached * piety under Makhleb
  5378 | D:6      | Reached skill level 9 in Fighting
  5889 | D:6      | Reached skill level 10 in Fighting
  6081 | D:6      | Identified the +2 dagger of Outrage {flame, +Blink rC+}
  6091 | D:6      | Found Weqigeqir's Mass Market.
  6250 | D:6      | Found an iron altar of Okawaru.
  6279 | D:6      | Reached skill level 11 in Fighting
  6600 | D:6      | Found an ornate altar of the Wu Jian Council.
  6767 | D:6      | Found a staircase to the Ecumenical Temple.
  6871 | D:7      | Noticed Prince Ribbit
  7158 | D:7      | Found a bloodstained altar of Trog.
  7169 | D:8      | Noticed a yak
  7169 | D:8      | Noticed a yak
  7169 | D:8      | Noticed a yak
  7169 | D:8      | Noticed a yak
  7181 | D:7      | Reached XP level 9. HP: 69/77 MP: 0/0
  7181 | D:7      | Learned a level 4 spell: Manifold Assault
  7309 | D:7      | Reached skill level 12 in Fighting
  7422 | D:7      | Killed Prince Ribbit
  8487 | D:7      | Reached skill level 5 in Evocations
  9830 | D:8      | Reached skill level 13 in Fighting
  9830 | D:8      | Reached XP level 10. HP: 74/86 MP: 0/0
  9932 | D:8      | Reached ** piety under Makhleb
  9933 | D:8      | Reached skill level 5 in Spellcasting
 10618 | D:9      | Found Mowatih's Distillery.
 10619 | D:9      | Found Tegetesa's Weapon Boutique.
 10621 | D:9      | Found a basalt altar of Yredelemnul.
 10681 | D:9      | Slain by a centaur warrior skeleton

Illustrated notes

Levels and vault maps discovered:
D:1:      dpeg_arrival_more_subterranean_lakeside_camping, layout_basic
D:2:      layout_rooms, uniq_jessica
D:3:      layout_basic, gammafunk_ghost_icy, kennysheep_crisscross
D:4:      layout_loops_ring, nicolae_qazlal_style_of_elements,
          nicolae_overflow_crystal_walls, mainiacjoe_overflow_catch_the_wave
D:5:      layout_basic, kennysheep_little_box, serial_park_tiny_pond
D:6:      layout_basic, overflow_temple_1_default, nzn_wu_jian_contemplation,
          vehumet_statue, temple_hall, enter_ossuary_1,
          gammafunk_ghost_stat_death, minmay_shop_mass,
          kennysheep_generic_room_8
D:7:      layout_cave_pools, bloody_trog, uniq_prince_ribbit1
D:8:      layout_gridville, minmay_between
D:9:      cheibrodos_grave_circle, layout_cave_pods, overflow_temple_1_default,
          serial_shops, shop, nicolae_shop_statue_plus, nicolae_shop_waterfront,
          nicolae_square_shop

Skill      XL: |  1  2  3  4  5  6  7  8  9 10 |
---------------+-------------------------------+-----
Spellcasting   | 4 6 |  6.3
Fighting       | 2 5 8 11 13 | 13.5
Evocations     | 6 |  6.4
Dodging        | |  2.1
Stealth        | |  1.5

Action                     |  1- 3 |  4- 6 |  7- 9 | 10-12 || total
---------------------------+-------+-------+-------+-------++-------
  Melee: Spear             |     1 |       |       |       ||     1
         Trident           |       |       |     9 |       ||     9
   Cast: Magic Dart        |    51 |    68 |    47 |    10 ||   176
         Searing Ray       |       |    13 |    30 |     5 ||    48
         Fulminant Prism   |       |       |    18 |     5 ||    23
         Foxfire           |       |       |    50 |       ||    50
         Iskenderun's Myst |       |       |    13 |     2 ||    15
         Kindle Blastspark |       |       |     1 |     5 ||     6
    Use: Scroll            |       |       |    15 |     2 ||    17
         Potion            |       |       |     3 |     1 ||     4
 Armour: Robe              |     5 |     9 |    20 |     5 ||    39
  Dodge: Dodged            |    12 |    21 |   100 |    11 ||   144
  Block: Other             |       |       |     3 |     9 ||    12
         Reflection        |       |       |       |     1 ||     1

Table legend: (Time is in decaauts)
 A = Elapsed time spent in this place.
 B = Non-inter-level travel time spent in this place.
 C = Inter-level travel time spent in this place.
 D = Time resting spent in this place.
 E = Time spent auto-exploring this place.
 F = Levels seen in this place.
 G = Mean time per level.
                   A        B        C        D        E       F      G
               +--------+--------+--------+--------+--------+-----+--------+
         Total |  10682 |  10483 |    199 |   4250 |   4628 |  10 | 1068.2 |
       Dungeon |  10673 |  10474 |    199 |   4250 |   4628 |   9 | 1185.9 |
       Ossuary |      9 |      9 |      0 |      0 |      0 |   1 |    9.0 |
               +--------+--------+--------+--------+--------+-----+--------+

Top non-repeatable levels by time:
     D:6: 2224 daAuts
     D:7: 2022 daAuts
     D:5: 1793 daAuts
     D:4: 1141 daAuts
     D:8: 986 daAuts
     D:3: 969 daAuts
     D:1: 784 daAuts
     D:2: 483 daAuts
     D:9: 266 daAuts
 Ossuary: 9 daAuts
